 Dungeon Crawl Stone Soup version 0.30-a0-134-gb40fab5c76 (webtiles) character file.

Game seed: 12033778578144901346

40301 Flugkiller the Convoker (level 14, 0/121 HPs)
             Began as a Meteoran Ice Elementalist on Sept 19, 2022.
             Was a High Priest of Uskayaw.
             Slain by a death yak (11 damage)
             ... on level 5 of the Lair of Beasts.
             The game lasted 00:35:57 (6217 turns).

Flugkiller the Convoker (Meteoran Ice Elementalist) Turns: 6217, Time: 00:35:58

Health: 0/121      AC: 14    Str: 19    XL:     14   Next: 84%
Magic:  7/31       EV: 15    Int: 24    God:    Uskayaw [*****.]
Gold:   293        SH:  5    Dex: 15    Spells: 20/37 levels left

rFire   . . .      SeeInvis .    m - +3 broad axe (flame)
rCold   . . .      Faith    .    (no shield)
rNeg    + . .      Spirit   .    S - +0 troll leather armour
rPois   +          Reflect  +    O - +1 helmet {Int+3}
rElec   .          Harm     .    c - +2 cloak
rCorr   .          Rampage  .    i - +2 pair of gloves
Will    ++...                    G - +1 pair of boots {Fly}
Stlth   +.........               V - amulet of reflection
HPRegen 1.10/turn                o - ring of poison resistance
MPRegen 0.22/turn                K - ring "Onim" {rN+ Will+ Str+8}

@: flying, glowing
A: sense surroundings 2, otherworldly, glowing, explore regen
a: Renounce Religion, Stomp, Line Pass, Grand Finale


You were on level 5 of the Lair of Beasts.
You worshipped Uskayaw.
Uskayaw was noncommittal.
You visited 3 branches of the dungeon, and saw 17 of its levels.
You also visited: Bailey, Ice Cave and Volcano.

You collected 679 gold pieces.
You spent 386 gold pieces at shops.

Inventory:

Hand Weapons
 e - the +5 whip of Profit {vorpal, *Noise Will+ rCorr}
   (You took it off a kobold in a bailey)

   It inflicts extra damage upon your enemies.
   *Noise:    It may make noises in combat.
   rCorr:     It protects you from acid and corrosion.
   Will:      It increases your willpower.
 m - a +3 broad axe of flaming (weapon)
   (You found it on level 4 of the Dungeon)
 A - a -1 demon whip of venom
   (You took it off Amaemon on level 8 of the Dungeon)
 H - a +2 war axe of distortion
   (You took it off an orc on level 10 of the Dungeon)
Missiles
 f - 25 poisoned darts
 g - 27 boomerangs (quivered)
 U - 5 javelins
Armour
 c - a +2 cloak (worn)
   (You found it on level 1 of the Dungeon)
 i - a +2 pair of gloves (worn)
   (You found it on level 2 of the Dungeon)
 y - +0 steam dragon scales
   (You found it on level 7 of the Dungeon)
 G - a +1 pair of boots of flying (worn)
   (You found it in a bailey)
 O - a +1 helmet of intelligence (worn)
   (You found it on level 10 of the Dungeon)
 S - a +0 troll leather armour (worn)
   (You found it on level 10 of the Dungeon)
Magical Staves
 P - a staff of cold
   (You found it on level 10 of the Dungeon)
Jewellery
 j - a ring of resist corrosion
   (You found it on level 2 of the Dungeon)
 o - a ring of poison resistance (left hand)
   (You found it on level 5 of the Dungeon)
 z - a ring of wizardry
   (You found it on level 3 of the Lair of Beasts)
 D - an amulet of guardian spirit
   (You found it on level 7 of the Dungeon)
 I - a ring of fire
   (You found it on level 9 of the Dungeon)
 K - the ring "Onim" (right hand) {rN+ Will+ Str+8}
   (You found it on level 6 of the Dungeon)

   [ring of willpower]

   Str:       It affects your strength (+8).
   rN:        It protects you from negative energy.
   Will:      It increases your willpower.
 R - the ring of Soet {rPois Will+ rCorr Str-2 SInv}
   (You found it on level 10 of the Dungeon)

   [ring of see invisible]

   Str:       It affects your strength (-2).
   rPois:     It protects you from poison.
   SInv:      It lets you see invisible.
   rCorr:     It protects you from acid and corrosion.
   Will:      It increases your willpower.
 V - an amulet of reflection (around neck)
   (You found it on level 1 of the Lair of Beasts)
Wands
 a - a wand of flame (52)
   (You found it on level 7 of the Dungeon)
 u - a wand of paralysis (5)
   (You found it on level 5 of the Dungeon)
 B - a wand of roots (8)
   (You found it on level 9 of the Dungeon)
 J - a wand of polymorph (5)
   (You took it off a wight on level 7 of the Dungeon)
 T - a wand of light (21)
   (You found it on level 10 of the Dungeon)
Scrolls
 k - a scroll of fear
 l - a scroll of silence
 p - 4 scrolls of magic mapping
 t - 7 scrolls of teleportation
 C - a scroll of vulnerability
 F - 2 scrolls of butterflies
 M - 2 scrolls of immolation
 Q - a scroll of amnesia
Potions
 b - 2 potions of magic
 d - 3 potions of might
 h - 2 potions of haste
 n - 4 potions of resistance
 q - 7 potions of curing
 s - 2 potions of cancellation
 v - a potion of berserk rage
 w - a potion of heal wounds
 x - 8 potions of mutation
 E - 6 potions of flight
 L - 3 potions of brilliance
 N - 2 potions of lignification


   Skills:
 - Level 10.0 Fighting
 - Level 8.0 Axes
 - Level 5.8 Throwing
 - Level 8.0 Dodging
 - Level 1.4 Stealth
 - Level 12.2 Spellcasting
 - Level 6.0 Conjurations
 + Level 16.8 Summonings
 - Level 6.0 Ice Magic
 - Level 5.0 Invocations
 - Level 7.0 Evocations


You had 20 spell levels left.
You knew the following spells:

 Your Spells              Type           Power      Damage    Failure   Level
a - Freeze                Ice            100%       1d11      1%          1
b - Frozen Ramparts       Ice            86%        1d13      1%          3
c - Hailstorm             Conj/Ice       43%        3d10      4%          4
d - Dragon's Call         Summ           38%        N/A       99%         9

Your spell library contained the following spells:

 Spells                   Type           Power      Damage    Failure   Level
 Summon Small Mammal      Summ           100%       N/A       0%          1
 Call Canine Familiar     Summ           77%        N/A       0%          3
 Ozocubu's Armour         Ice            43%        N/A       1%          3
 Summon Guardian Golem    Hex/Summ       53%        N/A       1%          3
 Portal Projectile        Hex/Tloc       28%        N/A       16%         3
 Tukima's Dance           Hex            14%        N/A       16%         3
 Cause Fear               Hex            7%         N/A       45%         4
 Blade Hands              Tmut           7%         N/A       80%         5
 Dragon Form              Tmut           7%         N/A       100%        7


Dungeon Overview and Level Annotations

Branches:
Dungeon (11/15) Zot: 2290  Temple (1/1) D:5 Zot: 450    Lair (5/5) D:11 Zot: 1594
 Shoals (0/4) Lair:2       Spider (0/4) Lair:3        Slime (0/5) Lair:4
 Bailey (visited)           IceCv (visited)         Volcano (visited)
    Orc: D:9-12

Altars:
Ashenzari
Cheibriados
Dithmenos
Elyvilon
Fedhas
Gozag
Hepliaklqana
Kikubaaqudgha
Makhleb
Nemelex Xobeh
Okawaru
Qazlal
Ru
Sif Muna
Trog
Uskayaw
Vehumet
Wu Jian
Xom
Yredelemnul
Zin
The Shining One

Shops:
D:5 (!(   D:6 ?   D:7 =   D:9 *   D:10 !

Annotations:
Lair:1 1 transporter, Ycunkos's ghost, journeyman MfGl
Lair:4 2 transporters, Jeokheh's ghost, journeyman GrFE


Innate Abilities, Weirdness & Mutations

You passively map the area around you.
You are easily found by Zot.
You glow in the dark.
You regain HP and MP as you explore.


Message History

The walls around you are covered in ice.
You can no longer pass through a line of other dancers.
You barely miss the death yak.
The wall freezes the death yak.
The wall freezes the death yak!
The wall freezes the death yak but does no damage.
The death yak gores you but does no damage.
The wall freezes the black mamba.
The black mamba seems to slow down.
You can now pass through a line of other dancers.
You hit the death yak but do no damage.
The wall freezes the death yak.
The wall freezes the death yak!
The wall freezes the yak but does no damage.
The wall freezes the black mamba.
The wall freezes the death yak but does no damage.
The death yak gores you!
The wall freezes the death yak.
You hit the death yak. You burn the death yak.
You punch the death yak, but do no damage.
The death yak is lightly wounded.
You hit the death yak but do no damage.
The wall freezes the black mamba but does no damage.
The wall freezes the black mamba!
The wall freezes the death yak!
The death yak gores you!!
The wall freezes the death yak.
The death yak gores you!
Uskayaw will force your foes to helplessly watch your dance.
Uskayaw prepares the audience for your solo!
The helpless death yak fails to defend itself.
You slice the death yak!! You burn the death yak.
The death yak is severely wounded.
The helpless death yak fails to defend itself.
You slash the death yak! You burn the death yak.
The wall freezes the black mamba!
The wall freezes the death yak. x2
The helpless death yak fails to defend itself.
You hit the death yak. You burn the death yak.
The death yak is moderately wounded.
The helpless death yak fails to defend itself.
You slash the death yak! You burn the death yak.
The yak is no longer paralysed.
The death yak is no longer paralysed. x4
The black mamba is no longer paralysed.
The wall freezes the black mamba.
The wall freezes the death yak.
The death yak gores you!
The wall freezes the death yak. x2
The death yak gores you but does no damage.
Uskayaw will force your foes to share their pain.
Uskayaw links your audience in an emotional bond!
Casting: Frozen Ramparts (safe; 1% risk of failure)
Confirm with . or Enter, or press ? or * to list all spells.
A cannonade of hail descends around you!
The hail pelts the death yak!
You kill the yak! x2
The death yak is moderately wounded.
The hail pelts the black mamba!!
You kill the black mamba!
The wall freezes the death yak.
The death yak misses you.
The wall freezes the death yak.
You kill the death yak!
You block the death yak's attack.
Casting: Hailstorm (mildly dangerous; 4% risk of failure)
Confirm with . or Enter, or press ? or * to list all spells.
A cannonade of hail descends around you!
The hail pelts the death yak.
The death yak is heavily wounded.
The hail pelts the yak!
The yak is moderately wounded.
The wall freezes the death yak!
You feel a bit more experienced.
The wall freezes the death yak.
The wall freezes the yak!
You can now merge with and destroy a victim.
Casting: Hailstorm (mildly dangerous; 4% risk of failure)
Confirm with . or Enter, or press ? or * to list all spells.
A cannonade of hail descends around you!
The hail pelts the death yak.
The death yak is moderately wounded.
The hail pelts the yak!!
The yak is heavily wounded.
The wall freezes the death yak.
The death yak misses you.
The wall freezes the yak!
The wall freezes the death yak but does no damage.
The death yak gores you but does no damage.
The wall freezes the death yak.
You feel much better.
The death yak is no longer sharing its pain. x3
The wall freezes the death yak.
The death yak completely misses you.
The wall freezes the death yak.
The death yak gores you!!
The wall freezes the death yak.
The wall freezes the death yak but does no damage.
Casting: Hailstorm (mildly dangerous; 4% risk of failure)
Confirm with . or Enter, or press ? or * to list all spells.
A cannonade of hail descends around you!
The hail pelts the yak!!
You kill the yak!
The hail pelts the yak!
You kill the yak!
The wall freezes the death yak but does no damage.
The death yak gores you but does no damage.
The wall freezes the death yak.
The death yak gores you!
* * * LOW HITPOINT WARNING * * *
You hit the death yak but do no damage.
The death yak is severely wounded.
You hit the death yak. You burn the death yak.
The frozen ramparts melt away.
The death yak gores you!!
* * * LOW HITPOINT WARNING * * *
The death yak gores you!
You die...

..P..#* , Y.#
.....####, ...
*#......# †.##
#......# *#..#
,##....## ##†.##
#...#.P# #.YY.#
####...## *#.Y#*
.....#..# #Y##
.......†#######Y@#
......#...##.#..##
.......#.........#
P...##...#.##....##
######...######..P##
##### ##....# ##*
#..##.# # #.#####
####.####
###..##.###.##...#


You could see 2 death yaks and a yak.

Vanquished Creatures
  A red draconian (Volcano)
  2 hydras
  2 boulder beetles (Lair:5)
  Erica (D:10)
  An alligator (Lair:5)
  A two-headed ogre (D:10)
  A centaur warrior (Volcano)
  A death yak (Lair:5)
  Amaemon (D:8)
  An orb spider (Lair:3)
  Pikel (D:6)
  An orc knight (D:10)
  2 lindwurms
  A deep elf pyromancer (D:10)
  An ugly thing (D:10)
  4 elephants
  A merfolk siren (Lair:2)
  3 black mambas (Lair:5)
  An orange demon (D:8)
  Maggie (D:8)
  2 molten gargoyles (Volcano)
  A gargoyle (D:10)
  4 rime drakes
  7 cane toads
  2 yaktaurs
  3 komodo dragons
  4 polar bears
  Grinder (D:6)
  2 trolls (D:10)
  Prince Ribbit (D:6)
  A hornet (D:9)
  12 blink frogs
  A slime creature (D:10)
  4 dream sheep (Lair:4)
  A centaur simulacrum (D:10)
  2 shadows (D:10)
  8 wyverns
  2 fire bats (Volcano)
  47 yaks
  2 wraiths
  5 basilisks
  3 steam dragons
  Grum (D:8)
  2 acid dragons
  10 water moccasins
  9 orc warriors
  A sky beast (D:7)
  4 black bears
  5 wolves
  8 centaurs
  2 ogres
  3 kobold brigands
  5 bullfrogs
  3 necrophages
  A gnoll sergeant (D:10)
  A scorpion (D:6)
  12 wights
  13 killer bees
  6 howler monkeys
  4 lava snakes (Volcano)
  3 jellies
  2 hounds
  2 orc priests (D:8)
  2 iguanas (D:11)
  5 hell rats (Lair:5)
  9 orc wizards
  8 gnolls
  7 adders
  12 white imps (Lair:2)
  2 ufetubi
  A worm (D:4)
  2 dart slugs
  23 orcs
  2 endoplasms
  13 goblins
  4 hobgoblins
  20 kobolds
  3 quokkas
  10 ball pythons
  2 bats
  2 frilled lizards
  2 rats
369 creatures vanquished.

Vanquished Creatures (others)
  A bush (D:11)
  22 fungi
  39 plants
62 creatures vanquished.

Grand Total: 431 creatures vanquished

Notes
Turn   | Place    | Note
-------+----------+-------------------------------------------
     0 | D:1      | Flugkiller the Meteoran Ice Elementalist began the quest
                  | for the Orb.
     0 | D:1      | Reached XP level 1. HP: 14/14 MP: 5/5
    78 | D:1      | Reached XP level 2. HP: 15/20 MP: 4/6
   206 | D:2      | Reached skill level 5 in Ice Magic
   206 | D:2      | Reached XP level 3. HP: 21/26 MP: 5/8
   264 | D:1      | Reached XP level 4. HP: 33/33 MP: 7/10
   368 | D:3      | Learned a level 3 spell: Frozen Ramparts
   548 | D:4      | Reached XP level 5. HP: 36/38 MP: 7/11
   574 | D:5      | Entered Level 5 of the Dungeon
   575 | D:5      | Noticed a necrophage
   600 | D:4      | Found an ancient bone altar of Kikubaaqudgha.
   611 | D:4      | Noticed a black bear
   617 | D:4      | Killed a black bear
   618 | D:4      | Reached skill level 5 in Spellcasting
   618 | D:4      | Reached skill level 1 in Axes
   618 | D:4      | Reached XP level 6. HP: 45/46 MP: 6/14
   663 | D:5      | Reached skill level 1 in Fighting
   667 | D:5      | Found Pargh's Weapon Shoppe.
   714 | D:5      | Noticed an ogre
   720 | D:5      | Killed an ogre
   732 | D:5      | Reached XP level 7. HP: 54/56 MP: 7/15
   776 | D:6      | Noticed Prince Ribbit
   784 | D:6      | Killed Prince Ribbit
   785 | D:6      | Reached skill level 1 in Evocations
   785 | D:6      | Reached XP level 8. HP: 29/67 MP: 9/16
   878 | D:6      | Noticed Grinder
   890 | D:6      | Reached skill level 5 in Fighting
   905 | D:6      | Killed Grinder
   957 | D:6      | Identified the ring "Onim" {rN+ Will+ Str+8}
  1033 | D:6      | Found Icolilas's Magic Scroll Shoppe.
  1104 | D:6      | Bought a scroll of fear for 48 gold pieces
  1104 | D:6      | Bought a scroll of magic mapping for 90 gold pieces
  1104 | D:6      | Bought a scroll of identify for 24 gold pieces
  1283 | D:6      | Reached skill level 5 in Evocations
  1283 | D:6      | Gained mutation: You passively map the area around you.
                  | [Meteoran growth]
  1283 | D:6      | Reached XP level 9. HP: 75/75 MP: 14/17
  1406 | D:5      | Found a staircase to the Ecumenical Temple.
  1411 | Temple   | Entered the Ecumenical Temple
  1491 | Temple   | Became a worshipper of Uskayaw the Reveller
  1568 | D:6      | Noticed Pikel
  1570 | D:6      | Reached * piety under Uskayaw
  1571 | D:6      | Reached ** piety under Uskayaw
  1573 | D:6      | Reached *** piety under Uskayaw
  1574 | D:6      | Killed Pikel
  1575 | D:6      | Reached skill level 5 in Dodging
  1757 | D:2      | Found a faded altar of an unknown god.
  1911 | D:5      | Found Pizes's Distillery.
  1946 | D:5      | Found Vif Hyl's Weapon Shop.
  2113 | D:7      | Learned a level 4 spell: Hailstorm
  2161 | D:7      | Found Veottao's Jewellery Emporium.
  2192 | D:7      | Reached XP level 10. HP: 76/83 MP: 16/18
  2213 | D:7      | Reached skill level 1 in Conjurations
  2235 | D:7      | Reached **** piety under Uskayaw
  2238 | D:7      | Reached ***** piety under Uskayaw
  2562 | D:7      | Reached skill level 5 in Invocations
  2614 | D:8      | Noticed an orange demon
  2617 | D:8      | Noticed Amaemon
  2621 | D:8      | Killed an orange demon
  2622 | D:8      | Reached skill level 5 in Conjurations
  2626 | D:8      | Reached ****** piety under Uskayaw
  2631 | D:8      | Killed Amaemon
  2656 | D:8      | Found a flagged portal.
  2679 | Bailey   | Entered a bailey
  2787 | Bailey   | Identified the +5 whip of Profit {vorpal, *Noise Will+
                  | rCorr}
  2795 | Bailey   | Reached XP level 11. HP: 71/94 MP: 15/22
  2901 | D:8      | Noticed Maggie
  2915 | D:8      | Killed Maggie
  2976 | D:9      | Found Sybu's Assorted Antiques.
  3048 | D:9      | Found a white marble altar of Elyvilon.
  3133 | D:9      | Found a glowing golden altar of the Shining One.
  3133 | D:9      | Found a glowing silver altar of Zin.
  3254 | D:8      | Noticed Grum
  3260 | D:8      | Reached skill level 1 in Throwing
  3263 | D:8      | Killed Grum
  3743 | D:10     | Entered Level 10 of the Dungeon
  3760 | D:10     | Found a stormy altar of Qazlal.
  3809 | D:10     | Noticed a deep elf pyromancer
  3809 | D:10     | Noticed a red ugly thing
  3809 | D:10     | Noticed an orc knight
  3809 | D:10     | Noticed a five-headed hydra
  3815 | D:10     | Killed a deep elf pyromancer
  3815 | D:10     | Killed a red ugly thing
  3867 | D:10     | Killed a four-headed hydra
  3868 | D:10     | Reached skill level 5 in Throwing
  3868 | D:10     | Reached XP level 12. HP: 36/101 MP: 20/26
  3872 | D:10     | Killed an orc knight
  3876 | D:10     | Reached skill level 10 in Spellcasting
  3902 | D:10     | Identified the +0 plate armour "Biwkilyd" {Contam Harm rC+
                  | Slay+2}
  3904 | D:10     | Identified the ring of Soet {rPois Will+ rCorr Str-2 SInv}
  3993 | D:10     | Noticed a two-headed ogre
  3998 | D:10     | Killed a two-headed ogre
  4192 | D:10     | Found a sacrificial altar of Ru.
  4209 | D:10     | Noticed Erica
  4218 | D:10     | Killed Erica
  4220 | D:10     | Found Poti Mae's Distillery.
  4228 | D:10     | Bought a potion of haste for 160 gold pieces
  4228 | D:10     | Bought a potion of brilliance for 64 gold pieces
  4339 | D:11     | Reached skill level 10 in Fighting
  4357 | D:11     | Learned a level 9 spell: Dragon's Call
  4366 | D:11     | Reached skill level 1 in Summonings
  4370 | D:11     | Reached skill level 2 in Summonings
  4393 | D:11     | Reached skill level 4 in Summonings
  4393 | D:11     | Reached XP level 13. HP: 105/113 MP: 23/30
  4408 | D:11     | Reached skill level 5 in Summonings
  4410 | D:11     | Found a staircase to the Lair.
  4589 | Lair:1   | Entered Level 1 of the Lair of Beasts
  4602 | Lair:1   | Reached skill level 6 in Summonings
  4645 | Lair:1   | Found a transporter.
  4648 | Lair:1   | Noticed Ycunkos's ghost (journeyman MfGl)
  4663 | Lair:1   | Found a transporter.
  4732 | Lair:2   | Found a staircase to the Shoals.
  4810 | Lair:2   | Reached skill level 7 in Summonings
  4832 | Lair:2   | Found a frozen archway.
  4860 | IceCv    | Entered an ice cave
  4871 | IceCv    | Reached skill level 8 in Summonings
  4878 | IceCv    | Noticed a death yak
  4971 | Lair:2   | Reached skill level 9 in Summonings
  5016 | Lair:3   | Reached skill level 10 in Summonings
  5055 | Lair:3   | Found a dark tunnel.
  5114 | Volcano  | Entered a volcano
  5156 | Volcano  | Reached skill level 11 in Summonings
  5231 | Volcano  | Found a bloodstained altar of Trog.
  5231 | Volcano  | Noticed a centaur warrior
  5235 | Volcano  | Killed a centaur warrior
  5295 | Volcano  | Noticed a red draconian
  5304 | Volcano  | Killed a red draconian
  5305 | Volcano  | Reached skill level 12 in Summonings
  5471 | Lair:3   | Found a hole to the Spider Nest.
  5555 | Lair:3   | Reached XP level 14. HP: 121/121 MP: 24/31
  5576 | Lair:3   | Reached skill level 13 in Summonings
  5627 | Lair:4   | Found a transporter.
  5650 | Lair:4   | Noticed Jeokheh's ghost (journeyman GrFE)
  5654 | Lair:4   | Found a transporter.
  5737 | Lair:4   | Reached skill level 14 in Summonings
  5774 | Lair:4   | Found a staircase to the Slime Pits.
  5810 | Lair:5   | Entered Level 5 of the Lair of Beasts
  5949 | Lair:5   | Reached skill level 15 in Summonings
  6041 | Lair:5   | Found a white marble altar of Elyvilon.
  6136 | Lair:5   | Reached skill level 16 in Summonings
  6217 | Lair:5   | Slain by a death yak

Illustrated notes

Levels and vault maps discovered:
D:1:      saegor_arrival_simple_b, layout_basic, minmay_misc_feat_alley
D:2:      layout_basic, chequers_ecumenical_altar_twisty
D:3:      layout_loops_ring
D:4:      layout_cave_pools, mainiacjoe_overflow_concentric_impassable,
          hangedman_decor_points
D:5:      layout_cave_pools, minmay_temple_entry_from_below_a, serial_shops,
          nicolae_shop_bloodbath_and_beyond, kennysheep_mini,
          nicolae_shop_hallway_plus, nicolae_square_shop
D:6:      layout_loops_ring, serial_shops, nicolae_inconvenience_store,
          grunt_ministairs_3, corexii_hall_statues_l, uniq_prince_ribbit1,
          uniq_grinder, uniq_pikel
D:7:      layout_loops_ring, serial_shops, nicolae_shop_hallway_stairs,
          minmay_small_thing
D:8:      layout_basic, enter_bailey_5, uniq_grum, uniq_maggie, uniq_amaemon
D:9:      layout_rooms, mainiacjoe_overflow_surrounded_room,
          amethyst_overflow_temple_binary, serial_shops, nicolae_shop_trees,
          minmay_fountain_box, serial_bayou_lagoon_a, patterned_corridor
D:10:     minmay_the_grid_octo_tiled_squarecenter
          [minmay_the_grid_octo_checkerflower, minmay_the_grid_octo_fan_narrow,
          minmay_the_grid_octo_chip, minmay_the_grid_octo_tetromino_candy,
          minmay_the_grid_square_5x5_megaprize_crossed,
          minmay_the_grid_square_5x5_n, minmay_the_grid_square_5x5_z,
          minmay_the_grid_square_5x5_one_wall,
          minmay_the_grid_square_5x5_two_walls_b], layout_basic,
          mainiacjoe_overflow_alcove_1, mainiacjoe_overflow_boulevard,
          serial_shops, nicolae_shop_statue_plus, uniq_erica
D:11:     layout_basic, minmay_lair_entry_grove, david_orc_1_choice,
          minmay_misc_feat_room, minmay_strange_pillars, feat_on_display
Temple:   minmay_temple_bridge_d
Lair:1:   layout_long_grid, gammafunk_ghost_arena
Lair:2:   layout_chaotic_city, minmay_shoals_entry_lonely_mermaid,
          portal_ice_cave_entry_imps, grunt_megastairs_2
Lair:3:   layout_loops_ring, nicolae_spider_entry_orb_guardian,
          nicolae_volcano_entry_two_sided, serial_bayou_crossing,
          serial_bayou_shore_a, grunt_megastairs_5
Lair:4:   layout_hall_layers, slime_entry_1, gammafunk_ghost_arena,
          serial_bayou_pond_e
Lair:5:   wormcave, layout_long_grid, hangedman_lair_in_review, basic_altar

Skill      XL: |  1  2  3  4  5  6  7  8  9 10 11 12 13 14 |
---------------+-------------------------------------------+-----
Spellcasting   | 3 5 7 9 12 | 12.2
Ice Magic      | 5 6 |  6.0
Axes           | 1 3 4 8 |  8.0
Fighting       | 2 4 6 7 8 10 | 10.0
Evocations     | 1 5 7 |  7.0
Dodging        | 3 6 8 |  8.0
Invocations    | 3 5 |  5.0
Conjurations   | 6 |  6.0
Throwing       | 5 |  5.8
Summonings     | 4 12 16 | 16.8
Stealth        | |  1.4

Action                   |  1- 3 |  4- 6 |  7- 9 | 10-12 | 13-15 || total
-------------------------+-------+-------+-------+-------+-------++-------
Melee: Short sword       |     5 |     3 |       |       |       ||     8
       Broad axe         |       |     3 |    62 |   217 |   274 ||   556
       Punch             |       |       |     1 |     1 |     3 ||     5
Throw: Boomerang         |       |     1 |       |       |     7 ||     8
 Cast: Freeze            |    32 |    20 |    48 |    42 |    48 ||   190
       Frozen Ramparts   |       |     5 |    11 |    40 |    40 ||    96
       Hailstorm         |       |       |       |    23 |    47 ||    70
Invok: Line Pass         |       |       |       |     1 |     1 ||     2
       Stomp             |       |       |       |       |     1 ||     1
Evoke: Wand              |       |       |     2 |     1 |     8 ||    11
  Use: Scroll            |       |       |     9 |    12 |     5 ||    26
       Potion            |       |       |     1 |     4 |     1 ||     6
 Stab: Paralysed         |       |       |     8 |    28 |    49 ||    85
Armor: Robe              |     7 |    12 |    55 |     7 |       ||    81
       Steam dragon scal |       |       |       |   102 |       ||   102
       Troll leather arm |       |       |       |    24 |   148 ||   172
Dodge: Dodged            |    11 |    10 |    75 |   187 |   184 ||   467
Block: Other             |       |       |       |       |    68 ||    68
       Reflection        |       |       |       |       |     2 ||     2

Table legend: (Time is in decaauts)
 A = Elapsed time spent in this place.
 B = Non-inter-level travel time spent in this place.
 C = Inter-level travel time spent in this place.
 D = Time resting spent in this place.
 E = Time spent auto-exploring this place.
 F = Levels seen in this place.
 G = Mean time per level.
                   A        B        C        D        E       F      G
               +--------+--------+--------+--------+--------+-----+--------+
         Total |   6350 |   5589 |    761 |      0 |      0 |  20 |  317.5 |
       Dungeon |   4309 |   3708 |    601 |      0 |      0 |  11 |  391.7 |
        Temple |    149 |     19 |    130 |      0 |      0 |   1 |  149.0 |
          Lair |   1404 |   1374 |     30 |      0 |      0 |   5 |  280.8 |
        Bailey |    215 |    215 |      0 |      0 |      0 |   1 |  215.0 |
      Ice Cave |     35 |     35 |      0 |      0 |      0 |   1 |   35.0 |
       Volcano |    235 |    235 |      0 |      0 |      0 |   1 |  235.0 |
               +--------+--------+--------+--------+--------+-----+--------+

Top non-repeatable levels by time:
     D:6: 716 daAuts
     D:8: 547 daAuts
    D:10: 543 daAuts
     D:7: 505 daAuts
     D:9: 438 daAuts
  Lair:5: 373 daAuts
  Lair:3: 366 daAuts
    D:11: 336 daAuts
     D:2: 301 daAuts
  Lair:2: 294 daAuts
     D:5: 277 daAuts
  Lair:4: 272 daAuts
 Volcano: 235 daAuts
     D:4: 233 daAuts
     D:3: 226 daAuts
